BlackHawks vs Blues

Created - 3 novembre 2017 at 19:22

Goals
1 2 3 OT1 T
BlackHawks 2 1 1 1 5
Blues 3 1 0 0 4
Shots
1 2 3 OT1 T
BlackHawks 9 10 8 1 28
Blues 15 10 11 0 36

1st period

1. Blues , Jay Bouwmeester 1 (Kris Versteeg 5, Nick Cousins 4) at 0:14
2. BlackHawks , Aaron Ekblad 6 (Adam McQuaid 4, Artemi Panarin 7) at 10:21
3. Blues , Marian Hossa 10 (Rick Nash 7, Johnny Boychuk 3) at 11:58
4. Blues , Michael Raffl 2 (Jay McClement 3) at 12:10
5. BlackHawks , Artemi Panarin 9 (Alex Galchenyuk 10, David Backes 5) at 13:28

Penalties :
Antoine Roussel (CHI) for High sticking (Minor) at 14:46

2nd period

6. Blues , Brian Gionta 1 (Clarke MacArthur 2, Jiri Hudler 3) at 9:32 (PP)
7. BlackHawks , Radim Vrbata 1 (Gabriel Landeskog 4) at 15:58

Penalties :
Jay Bouwmeester (STL) for Tripping (Minor) at 4:13, Jason Chimera (CHI) for High sticking (Minor) at 8:40, Nick Cousins (STL) for Holding (Minor) at 18:45

3rd period

8. BlackHawks , Jay Beagle 4 (Antoine Roussel 6) at 6:05

Penalties :
Adam McQuaid (CHI) for Slashing (Minor) at 1:54

Overtime #1

9. BlackHawks , Alex Galchenyuk 5 (Radim Vrbata 7, Aaron Ekblad 7) at 1:20

Penalties :
No Penalty

Goalie Stats

Sergei Bobrovsky (CHI), 15 saves from 19 shots - (0.789), 29:32 minutes
Jeremy Smith (CHI), 17 saves from 17 shots - (1.000), W, 1-1-0, 31:49 minutes
Antti Niemi (STL), 23 saves from 28 shots - (0.821), OTL, 7-8-1, 61:21 minutes

Players Stats for BlackHawks

Player Name              G  A  P  +/- PIM S  H  SB GA TA FO     MP     PP MP  PK MP  
------------------------------------------------------------------------------------
Aaron Ekblad             1  1  2   1  0   2  0  0  0  0  0/0    20:59   2:47   0:32 
Adam McQuaid             0  1  1   0  2   0  4  0  0  0  0/0    18:10   0:00   0:50 
Alex Galchenyuk          1  1  2   3  0   5  1  0  0  0  14/21  15:36   1:52   0:22 
Andrew Shaw              0  0  0   0  0   0  2  0  0  0  4/11   14:48   2:06   0:00 
Antoine Roussel          0  1  1   0  2   1  1  0  0  0  0/0    13:29   0:00   0:59 
Artemi Panarin           1  1  2   2  0   5  0  0  0  0  0/0    15:55   1:52   0:28 
Brady Austin             0  0  0   0  0   0  0  1  0  0  0/0    19:59   2:47   1:29 
David Backes             0  1  1   2  0   4  4  0  0  0  0/1    14:40   1:52   0:00 
Dion Phaneuf             0  0  0   1  0   1  2  3  0  0  0/0    22:00   1:11   2:27 
Gabriel Landeskog        0  1  1   0  0   0  3  0  0  0  0/1    15:25   0:00   2:43 
Jack Eichel              0  0  0  -1  0   0  1  0  0  0  6/20   16:04   2:06   0:00 
Jason Chimera            0  0  0  -1  2   0  2  1  0  0  1/2    14:09   0:00   0:59 
Jay Beagle               1  0  1   0  0   2  0  0  0  0  11/17  15:01   0:00   2:30 
Jeff Petry               0  0  0   1  0   0  4  0  0  0  0/0    21:24   1:11   2:05 
Kevan Miller             0  0  0   0  0   0  3  2  0  0  0/0    18:48   0:00   2:17 
Kyle Okposo              0  0  0  -1  0   4  0  0  0  0  0/0    15:17   2:06   0:00 
Radim Vrbata             1  1  2   1  0   2  0  0  0  0  1/1    13:16   0:00   0:00 
Trevor Lewis             0  0  0   0  0   2  0  0  0  0  4/5    14:10   0:00   1:39 

Players Stats for Blues

Player Name              G  A  P  +/- PIM S  H  SB GA TA FO     MP     PP MP  PK MP  
------------------------------------------------------------------------------------
Brian Flynn              0  0  0  -1  0   4  2  0  0  0  5/12   11:41   0:00   0:00 
Brian Gionta             1  0  1  -1  0   5  0  0  0  0  1/6    15:44   2:11   0:57 
Cal Clutterbuck          0  0  0   1  0   2  4  0  0  0  0/0    10:32   0:00   0:30 
Carl Gunnarsson          0  0  0  -2  0   0  1  0  0  0  0/0    14:59   0:00   0:00 
Clarke MacArthur         0  1  1   0  0   3  0  0  0  0  0/1    15:08   2:11   0:00 
Jay Bouwmeester          1  0  1   0  2   2  1  0  0  0  0/0    23:10   2:24   1:39 
Jay McClement            0  1  1   1  0   2  0  0  0  0  8/11   11:53   1:51   0:00 
Jiri Hudler              0  1  1  -1  0   1  2  0  0  0  0/0    12:01   0:20   0:00 
John-Michael Liles       0  0  0  -2  0   0  1  0  0  0  0/0    19:03   1:57   1:55 
Johnny Boychuk           0  1  1   0  0   1  2  3  0  0  0/0    26:12   2:24   2:33 
Kris Versteeg            0  1  1   0  0   3  0  0  0  0  1/5    17:55   2:39   2:31 
Marian Hossa             1  0  1  -2  0   5  0  0  0  0  0/0    17:10   0:00   0:00 
Matt Irwin               0  0  0   0  0   0  1  0  0  0  0/0    16:22   0:29   0:41 
Michael Raffl            1  0  1   1  0   2  0  0  0  0  0/0    10:02   0:00   0:00 
Mike Fisher              0  0  0  -1  0   2  5  0  0  0  16/27  23:19   2:39   3:01 
Nick Cousins             0  1  1   0  2   1  1  0  0  0  7/16   12:44   0:00   0:00 
Niklas Kronwall          0  0  0   1  0   0  1  0  0  0  0/0    21:22   2:26   1:08 
Rick Nash                0  1  1  -2  0   3  0  1  0  0  0/1    20:46   2:39   0:57 

3 Stars

1 - Alex Galchenyuk (CHI)
2 - Artemi Panarin (CHI)
3 - Aaron Ekblad (CHI)

Power Play

BlackHawks - 0 on 2 Attempt(s) - 0.00%
Blues - 1 on 3 Attempt(s) - 33.33%

Penalty Kill

BlackHawks - 2 on 3 Attempt(s) - 66.67% - Score 0 goal in Penalty Kill
Blues - 2 on 2 Attempt(s) - 100.00% - Score 0 goal in Penalty Kill

Team Stat

BlackHawks - Hits : 27 - Faceoff Wins : 41 - Blocked Shots : 7 - Penalty Minutes : 6
Blues - Hits : 21 - Faceoff Wins : 38 - Blocked Shots : 4 - Penalty Minutes : 4

Official

Referees : Tom Chmielewski and Dave Jackson
Linesman : Trent Knorr and Tim Nowak

Game Notes

Jeremy Smith enters game at 9:32 of 2nd period

Finance

Level 1 -- Attendance: 6106 (93.94%) -- Ticket Income 616 706 $
Level 2 -- Attendance: 3593 (71.86%) -- Ticket Income 305 405 $
Level 3 -- Attendance: 3281 (93.74%) -- Ticket Income 196 860 $
Level 4 -- Attendance: 2449 (77.75%) -- Ticket Income 110 205 $
Luxury Box -- Attendance: 931 (93.10%) -- Ticket Income 186 200 $
Game was played at the Scottrade Center.
Total Attendance: 16360 (85.43%)
Total Ticket Income: 1 415 376 $
Other Income: 212 306 $
Total Income: 1 627 682 $

% Time on Ice - BlackHawks

Lines # - Real PCT - Wanted PCT - Time Play
Normal Forward
1 - 25% - 25% - 12:48
2 - 26% - 25% - 13:11
3 - 25% - 25% - 12:42
4 - 24% - 25% - 12:31
Normal Defense
1 - 34% - 35% - 17:35
2 - 35% - 35% - 18:07
3 - 25% - 30% - 12:39
4 - 6% - 0% - 2:51
PP Forward
1 - 47% - 60% - 1:52
2 - 53% - 40% - 2:06
PP Defense
1 - 70% - 60% - 2:47
2 - 30% - 40% - 1:11
PK Forward
1 - 66% - 60% - 3:11
2 - 34% - 40% - 1:39
PK Defense
1 - 49% - 60% - 2:23
2 - 51% - 40% - 2:27
PK3 Forward
1 - 0% - 60%
2 - 0% - 40%
PK3 Defense
1 - 0% - 60%
2 - 0% - 40%
44 Forward
1 - 0% - 60%
2 - 0% - 40%
44 Defense
1 - 0% - 60%
2 - 0% - 40%
Last Minute Offensive  - 0:00
Last Minute Defensive  - 0:00
Total
Forward - 60:00
Defense - 60:00

% Time on Ice - Blues

Lines # - Real PCT - Wanted PCT - Time Play
Normal Forward
1 - 33% - 40% - 16:44
2 - 25% - 30% - 12:45
3 - 23% - 20% - 11:41
4 - 20% - 10% - 10:02
Normal Defense
1 - 35% - 40% - 17:49
2 - 30% - 30% - 15:12
3 - 29% - 20% - 14:59
4 - 6% - 10% - 3:12
PP Forward
1 - 55% - 60% - 2:39
2 - 45% - 40% - 2:11
PP Defense
1 - 50% - 60% - 2:24
2 - 50% - 40% - 2:26
PK Forward
1 - 76% - 60% - 3:01
2 - 24% - 40% - 0:57
PK Defense
1 - 89% - 60% - 3:31
2 - 11% - 40% - 0:27
PK3 Forward
1 - 0% - 60%
2 - 0% - 40%
PK3 Defense
1 - 0% - 60%
2 - 0% - 40%
44 Forward
1 - 0% - 60%
2 - 0% - 40%
44 Defense
1 - 0% - 60%
2 - 0% - 40%
Last Minute Offensive  - 0:00
Last Minute Defensive  - 0:00
Total
Forward - 60:00
Defense - 60:00

Play by Play

1st period


0:01 of 1st period - Alex Galchenyuk wins face-off versus Rick Nash in neutral zone.
0:01 of 1st period - Dion Phaneuf is hit by Mike Fisher and loses puck.
0:10 of 1st period - Shot by Mike Fisher.
0:10 of 1st period - Stopped by Sergei Bobrovsky without a rebound.
0:11 of 1st period - Nick Cousins wins face-off versus Jack Eichel in BlackHawks zone.
0:12 of 1st period - Shot by Kris Versteeg.
0:12 of 1st period - Shot Misses the Net.
0:14 of 1st period - Shot by Jay Bouwmeester.
0:14 of 1st period - Goal by Jay Bouwmeester - BlackHawks : 0 - Blues : 1.
0:15 of 1st period - Andrew Shaw wins face-off versus Brian Flynn in neutral zone.
0:20 of 1st period - Shot by Gabriel Landeskog.
0:20 of 1st period - Deflect By Andrew Shaw.
0:20 of 1st period - Shot Misses the Net.
0:59 of 1st period - Matt Irwin is hit by Gabriel Landeskog and loses puck.
1:18 of 1st period - Shot by Nick Cousins.
1:18 of 1st period - Stopped by Sergei Bobrovsky without a rebound.
1:19 of 1st period - Jack Eichel wins face-off versus Mike Fisher in BlackHawks zone.
1:26 of 1st period - Mike Fisher is hit by Jason Chimera.
2:04 of 1st period - Icing by Jeff Petry.
2:05 of 1st period - Jay McClement wins face-off versus Jack Eichel in BlackHawks zone.
2:14 of 1st period - Shot by Jay McClement.
2:14 of 1st period - Deflect By Michael Raffl.
2:14 of 1st period - Shot Misses the Net.
2:25 of 1st period - Icing by Dion Phaneuf.
2:26 of 1st period - Jack Eichel wins face-off versus Nick Cousins in BlackHawks zone.
2:43 of 1st period - Shot by Clarke MacArthur.
2:43 of 1st period - Shot Misses the Net.
2:58 of 1st period - Off-side.
2:59 of 1st period - Alex Galchenyuk wins face-off versus Mike Fisher in neutral zone.
3:02 of 1st period - Johnny Boychuk is hit by David Backes and loses puck.
3:15 of 1st period - Shot by Artemi Panarin.
3:15 of 1st period - Shot Blocked by Rick Nash.
3:17 of 1st period - Shot by David Backes.
3:17 of 1st period - Shot Misses the Net.
3:29 of 1st period - Shot by Alex Galchenyuk.
3:29 of 1st period - Stopped by Antti Niemi without a rebound.
3:30 of 1st period - Jay Beagle wins face-off versus Brian Gionta in Blues zone.
3:41 of 1st period - Icing by Brian Gionta.
3:42 of 1st period - Brian Flynn wins face-off versus Andrew Shaw in Blues zone.
3:53 of 1st period - Shot by Brian Gionta.
3:53 of 1st period - Shot Blocked by Kevan Miller.
4:45 of 1st period - Shot by Marian Hossa.
4:45 of 1st period - Stopped by Sergei Bobrovsky without a rebound.
4:46 of 1st period - Alex Galchenyuk wins face-off versus Nick Cousins in BlackHawks zone.
5:04 of 1st period - Shot by Kris Versteeg.
5:04 of 1st period - Stopped by Sergei Bobrovsky with a rebound.
5:09 of 1st period - Kris Versteeg is hit by Adam McQuaid and loses puck.
5:40 of 1st period - Shot by Cal Clutterbuck.
5:40 of 1st period - Stopped by Sergei Bobrovsky without a rebound.
5:41 of 1st period - Mike Fisher wins face-off versus Jay Beagle in BlackHawks zone.
5:41 of 1st period - Jay Bouwmeester is hit by Jeff Petry and loses puck.
5:49 of 1st period - Rick Nash is hit by Jeff Petry and loses puck.
5:59 of 1st period - Marian Hossa is hit by Dion Phaneuf and loses puck.
6:57 of 1st period - Shot by Cal Clutterbuck.
6:57 of 1st period - Shot Misses the Net.
7:32 of 1st period - Jack Eichel is hit by John-Michael Liles and loses puck.
7:47 of 1st period - Shot by Kris Versteeg.
7:47 of 1st period - Deflect By Clarke MacArthur.
7:47 of 1st period - Shot Blocked by Kevan Miller.
7:49 of 1st period - Shot by Carl Gunnarsson.
7:49 of 1st period - Shot Misses the Net.
7:59 of 1st period - Shot by Kris Versteeg.
7:59 of 1st period - Shot Misses the Net.
8:01 of 1st period - Shot by John-Michael Liles.
8:01 of 1st period - Shot Misses the Net.
8:10 of 1st period - Kyle Okposo is hit by Jiri Hudler.
8:44 of 1st period - Jason Chimera is hit by Cal Clutterbuck and loses puck.
9:21 of 1st period - Shot by Rick Nash.
9:21 of 1st period - Shot Blocked by Brady Austin.
9:23 of 1st period - Shot by Marian Hossa.
9:23 of 1st period - Stopped by Sergei Bobrovsky without a rebound.
9:24 of 1st period - Jay Beagle wins face-off versus Nick Cousins in BlackHawks zone.
9:41 of 1st period - Shot by Trevor Lewis.
9:41 of 1st period - Stopped by Antti Niemi without a rebound.
9:42 of 1st period - Alex Galchenyuk wins face-off versus Mike Fisher in Blues zone.
9:47 of 1st period - Shot by Alex Galchenyuk.
9:47 of 1st period - Deflect By David Backes.
9:47 of 1st period - Stopped by Antti Niemi without a rebound.
9:48 of 1st period - Mike Fisher wins face-off versus Alex Galchenyuk in Blues zone.
10:15 of 1st period - Shot by David Backes.
10:15 of 1st period - Stopped by Antti Niemi with a rebound.
10:17 of 1st period - Shot by Artemi Panarin.
10:17 of 1st period - Shot Misses the Net.
10:19 of 1st period - Shot by Adam McQuaid.
10:19 of 1st period - Shot Misses the Net.
10:21 of 1st period - Shot by Aaron Ekblad.
10:21 of 1st period - Goal by Aaron Ekblad - BlackHawks : 1 - Blues : 1.
10:22 of 1st period - Nick Cousins wins face-off versus Jay Beagle in neutral zone.
10:33 of 1st period - Shot by Nick Cousins.
10:33 of 1st period - Shot Misses the Net.
10:39 of 1st period - Shot by John-Michael Liles.
10:39 of 1st period - Shot Misses the Net.
11:10 of 1st period - Jiri Hudler is hit by Jeff Petry and loses puck.
11:20 of 1st period - Jiri Hudler is hit by Jeff Petry and loses puck.
11:23 of 1st period - Shot by Brian Flynn.
11:23 of 1st period - Shot Blocked by Dion Phaneuf.
11:29 of 1st period - Shot by Brian Gionta.
11:29 of 1st period - Deflect By Jiri Hudler.
11:29 of 1st period - Shot Misses the Net.
11:33 of 1st period - Shot by Brian Flynn.
11:33 of 1st period - Stopped by Sergei Bobrovsky with a rebound.
11:56 of 1st period - Shot by Rick Nash.
11:56 of 1st period - Shot Misses the Net.
11:58 of 1st period - Shot by Marian Hossa.
11:58 of 1st period - Goal by Marian Hossa - BlackHawks : 1 - Blues : 2.
11:59 of 1st period - Jay McClement wins face-off versus Andrew Shaw in neutral zone.
12:10 of 1st period - Shot by Michael Raffl.
12:10 of 1st period - Goal by Michael Raffl - BlackHawks : 1 - Blues : 3.
12:11 of 1st period - Alex Galchenyuk wins face-off versus Mike Fisher in neutral zone.
12:20 of 1st period - Shot by Artemi Panarin.
12:20 of 1st period - Stopped by Antti Niemi without a rebound.
12:21 of 1st period - Nick Cousins wins face-off versus Andrew Shaw in Blues zone.
13:16 of 1st period - Shot by Artemi Panarin.
13:16 of 1st period - Shot Misses the Net.
13:18 of 1st period - Shot by Dion Phaneuf.
13:18 of 1st period - Stopped by Antti Niemi without a rebound.
13:19 of 1st period - Alex Galchenyuk wins face-off versus Brian Flynn in Blues zone.
13:28 of 1st period - Shot by Artemi Panarin.
13:28 of 1st period - Goal by Artemi Panarin - BlackHawks : 2 - Blues : 3.
13:29 of 1st period - Alex Galchenyuk wins face-off versus Mike Fisher in neutral zone.
13:32 of 1st period - Marian Hossa is hit by David Backes.
13:55 of 1st period - Shot by David Backes.
13:55 of 1st period - Shot Misses the Net.
14:08 of 1st period - Icing by John-Michael Liles.
14:09 of 1st period - Mike Fisher wins face-off versus Andrew Shaw in Blues zone.
14:09 of 1st period - Marian Hossa is hit by Gabriel Landeskog and loses puck.
14:33 of 1st period - Andrew Shaw is hit by Nick Cousins and loses puck.
14:37 of 1st period - Adam McQuaid is hit by Johnny Boychuk.
14:46 of 1st period - Minor Penalty to Antoine Roussel for High sticking.
14:47 of 1st period - Jay McClement wins face-off versus Jay Beagle in BlackHawks zone.
15:17 of 1st period - Clarke MacArthur is hit by Dion Phaneuf and loses puck.
16:16 of 1st period - Shot by Rick Nash.
16:16 of 1st period - Stopped by Sergei Bobrovsky without a rebound.
16:17 of 1st period - Jay Beagle wins face-off versus Kris Versteeg in BlackHawks zone.
16:43 of 1st period - Shot by Matt Irwin.
16:43 of 1st period - Shot Blocked by Dion Phaneuf.
16:45 of 1st period - Shot by Rick Nash.
16:45 of 1st period - Shot Blocked by Dion Phaneuf.
16:53 of 1st period - Shot by Jiri Hudler.
16:53 of 1st period - Shot Misses the Net.
16:55 of 1st period - Shot by Brian Gionta.
16:55 of 1st period - Stopped by Sergei Bobrovsky without a rebound.
16:56 of 1st period - Jay McClement wins face-off versus Jack Eichel in BlackHawks zone.
17:01 of 1st period - Shot by Cal Clutterbuck.
17:01 of 1st period - Deflect By Jay McClement.
17:01 of 1st period - Stopped by Sergei Bobrovsky without a rebound.
17:02 of 1st period - Alex Galchenyuk wins face-off versus Brian Gionta in BlackHawks zone.
17:11 of 1st period - Shot by Alex Galchenyuk.
17:11 of 1st period - Stopped by Antti Niemi with a rebound.
17:27 of 1st period - Shot by Artemi Panarin.
17:27 of 1st period - Shot Misses the Net.
17:29 of 1st period - Shot by Brady Austin.
17:29 of 1st period - Shot Misses the Net.
18:31 of 1st period - Shot by Michael Raffl.
18:31 of 1st period - Stopped by Sergei Bobrovsky without a rebound.
18:32 of 1st period - Mike Fisher wins face-off versus Jack Eichel in BlackHawks zone.
18:42 of 1st period - Icing by Aaron Ekblad.
18:43 of 1st period - Nick Cousins wins face-off versus Jack Eichel in BlackHawks zone.
18:45 of 1st period - Kris Versteeg is hit by Adam McQuaid and loses puck.
19:40 of 1st period - Shot by Marian Hossa.
19:40 of 1st period - Stopped by Sergei Bobrovsky without a rebound.
19:41 of 1st period - Jay McClement wins face-off versus Jay Beagle in BlackHawks zone.
Goals for this period are 2 for BlackHawks vs 3 for Blues.
Shots for this period are 9 for BlackHawks vs 15 for Blues.

2nd period


0:01 of 2nd period - Jay Beagle wins face-off versus Mike Fisher in neutral zone.
0:23 of 2nd period - Shot by Jay Beagle.
0:23 of 2nd period - Deflect By Antoine Roussel.
0:23 of 2nd period - Stopped by Antti Niemi with a rebound.
0:53 of 2nd period - Shot by Clarke MacArthur.
0:53 of 2nd period - Stopped by Sergei Bobrovsky without a rebound.
0:54 of 2nd period - Alex Galchenyuk wins face-off versus Brian Flynn in BlackHawks zone.
0:54 of 2nd period - Alex Galchenyuk is hit by Brian Flynn.
1:24 of 2nd period - Shot by Artemi Panarin.
1:24 of 2nd period - Stopped by Antti Niemi without a rebound.
1:25 of 2nd period - Nick Cousins wins face-off versus Gabriel Landeskog in Blues zone.
1:38 of 2nd period - Nick Cousins is hit by Adam McQuaid and loses puck.
1:57 of 2nd period - Kris Versteeg is hit by Andrew Shaw and loses puck.
2:22 of 2nd period - Shot by Mike Fisher.
2:22 of 2nd period - Stopped by Sergei Bobrovsky without a rebound.
2:23 of 2nd period - Alex Galchenyuk wins face-off versus Brian Flynn in BlackHawks zone.
2:32 of 2nd period - Shot by David Backes.
2:32 of 2nd period - Stopped by Antti Niemi without a rebound.
2:33 of 2nd period - Mike Fisher wins face-off versus Trevor Lewis in Blues zone.
2:37 of 2nd period - Marian Hossa is hit by Kevan Miller and loses puck.
2:49 of 2nd period - Antoine Roussel is hit by Mike Fisher.
3:35 of 2nd period - Alex Galchenyuk is hit by Matt Irwin and loses puck.
3:47 of 2nd period - Icing by Jay Bouwmeester.
3:48 of 2nd period - Brian Gionta wins face-off versus Jack Eichel in Blues zone.
4:07 of 2nd period - Shot by Kyle Okposo.
4:07 of 2nd period - Shot Misses the Net.
4:13 of 2nd period - Minor Penalty to Jay Bouwmeester for Tripping.
4:14 of 2nd period - Alex Galchenyuk wins face-off versus Mike Fisher in Blues zone.
4:20 of 2nd period - Shot by Artemi Panarin.
4:20 of 2nd period - Stopped by Antti Niemi without a rebound.
4:21 of 2nd period - Mike Fisher wins face-off versus Jack Eichel in Blues zone.
4:48 of 2nd period - Shot by Kyle Okposo.
4:48 of 2nd period - Stopped by Antti Niemi with a rebound.
5:41 of 2nd period - Shot by David Backes.
5:41 of 2nd period - Stopped by Antti Niemi without a rebound.
5:42 of 2nd period - Mike Fisher wins face-off versus Alex Galchenyuk in Blues zone.
5:42 of 2nd period - Mike Fisher is hit by David Backes.
5:45 of 2nd period - Kris Versteeg is hit by David Backes and loses puck.
6:09 of 2nd period - Shot by Artemi Panarin.
6:09 of 2nd period - Shot Misses the Net.
6:11 of 2nd period - Shot by Jeff Petry.
6:11 of 2nd period - Shot Misses the Net.
6:19 of 2nd period - Shot by Jay Beagle.
6:19 of 2nd period - Stopped by Antti Niemi with a rebound.
6:23 of 2nd period - Shot by Trevor Lewis.
6:23 of 2nd period - Shot Misses the Net.
6:25 of 2nd period - Shot by Jay Beagle.
6:25 of 2nd period - Shot Misses the Net.
7:19 of 2nd period - Dion Phaneuf is hit by Cal Clutterbuck and loses puck.
7:56 of 2nd period - Johnny Boychuk is hit by Gabriel Landeskog and loses puck.
8:00 of 2nd period - Icing by Johnny Boychuk.
8:01 of 2nd period - Alex Galchenyuk wins face-off versus Brian Flynn in Blues zone.
8:39 of 2nd period - Icing by Johnny Boychuk.
8:40 of 2nd period - Brian Flynn wins face-off versus Jack Eichel in Blues zone.
8:40 of 2nd period - Minor Penalty to Jason Chimera for High sticking.
8:41 of 2nd period - Jay Beagle wins face-off versus Kris Versteeg in BlackHawks zone.
9:12 of 2nd period - Shot by Kris Versteeg.
9:12 of 2nd period - Stopped by Sergei Bobrovsky without a rebound.
9:13 of 2nd period - Trevor Lewis wins face-off versus Brian Gionta in BlackHawks zone.
9:30 of 2nd period - Shot by Clarke MacArthur.
9:30 of 2nd period - Shot Misses the Net.
9:32 of 2nd period - Shot by Clarke MacArthur.
9:32 of 2nd period - Deflect By Brian Gionta.
9:32 of 2nd period - Goal by Brian Gionta - BlackHawks : 2 - Blues : 4.
9:32 of 2nd period - Jeremy Smith enters game.
9:33 of 2nd period - Mike Fisher wins face-off versus Alex Galchenyuk in neutral zone.
10:00 of 2nd period - John-Michael Liles is hit by Alex Galchenyuk and loses puck.
10:40 of 2nd period - Icing by Kevan Miller.
10:41 of 2nd period - Brian Flynn wins face-off versus Alex Galchenyuk in BlackHawks zone.
10:43 of 2nd period - Jiri Hudler is hit by Kevan Miller and loses puck.
11:07 of 2nd period - Jeff Petry is hit by Jiri Hudler and loses puck.
11:12 of 2nd period - Shot by Brian Gionta.
11:12 of 2nd period - Deflect By Brian Flynn.
11:12 of 2nd period - Stopped by Jeremy Smith without a rebound.
11:13 of 2nd period - Jack Eichel wins face-off versus Nick Cousins in BlackHawks zone.
11:44 of 2nd period - Shot by Kyle Okposo.
11:44 of 2nd period - Stopped by Antti Niemi without a rebound.
11:45 of 2nd period - Mike Fisher wins face-off versus Andrew Shaw in Blues zone.
11:49 of 2nd period - Icing by Rick Nash.
11:50 of 2nd period - Mike Fisher wins face-off versus Andrew Shaw in Blues zone.
12:23 of 2nd period - Shot by Rick Nash.
12:23 of 2nd period - Stopped by Jeremy Smith without a rebound.
12:24 of 2nd period - Jay Beagle wins face-off versus Clarke MacArthur in BlackHawks zone.
13:32 of 2nd period - Shot by Brian Gionta.
13:32 of 2nd period - Stopped by Jeremy Smith with a rebound.
13:36 of 2nd period - Shot by Jiri Hudler.
13:36 of 2nd period - Shot Misses the Net.
13:38 of 2nd period - Shot by Brian Flynn.
13:38 of 2nd period - Stopped by Jeremy Smith with a rebound.
13:40 of 2nd period - Shot by Jay Bouwmeester.
13:40 of 2nd period - Stopped by Jeremy Smith without a rebound.
13:41 of 2nd period - Andrew Shaw wins face-off versus Mike Fisher in BlackHawks zone.
13:41 of 2nd period - Andrew Shaw is hit by Mike Fisher.
14:08 of 2nd period - Off-side.
14:09 of 2nd period - Jay McClement wins face-off versus Jack Eichel in neutral zone.
14:37 of 2nd period - Michael Raffl is hit by Kevan Miller and loses puck.
15:56 of 2nd period - Shot by Radim Vrbata.
15:56 of 2nd period - Shot Misses the Net.
15:58 of 2nd period - Shot by Radim Vrbata.
15:58 of 2nd period - Goal by Radim Vrbata - BlackHawks : 3 - Blues : 4.
15:59 of 2nd period - Nick Cousins wins face-off versus Jay Beagle in neutral zone.
17:47 of 2nd period - Shot by Cal Clutterbuck.
17:47 of 2nd period - Stopped by Jeremy Smith without a rebound.
17:48 of 2nd period - Brian Flynn wins face-off versus Jack Eichel in BlackHawks zone.
18:04 of 2nd period - Off-side.
18:05 of 2nd period - Nick Cousins wins face-off versus Alex Galchenyuk in neutral zone.
18:45 of 2nd period - Minor Penalty to Nick Cousins for Holding.
18:46 of 2nd period - Mike Fisher wins face-off versus Jack Eichel in Blues zone.
18:55 of 2nd period - John-Michael Liles is hit by Andrew Shaw and loses puck.
19:06 of 2nd period - Shot by Aaron Ekblad.
19:06 of 2nd period - Stopped by Antti Niemi without a rebound.
19:07 of 2nd period - Mike Fisher wins face-off versus Jack Eichel in Blues zone.
Goals for this period are 1 for BlackHawks vs 1 for Blues.
Shots for this period are 10 for BlackHawks vs 10 for Blues.

3rd period


0:01 of 3rd period - Mike Fisher wins face-off versus Alex Galchenyuk in neutral zone.
0:18 of 3rd period - Shot by Alex Galchenyuk.
0:18 of 3rd period - Shot Misses the Net.
0:20 of 3rd period - Shot by Artemi Panarin.
0:20 of 3rd period - Shot Misses the Net.
0:24 of 3rd period - Shot by Alex Galchenyuk.
0:24 of 3rd period - Stopped by Antti Niemi with a rebound.
0:52 of 3rd period - Antoine Roussel is hit by Brian Flynn and loses puck.
1:53 of 3rd period - Cal Clutterbuck is hit by Adam McQuaid and loses puck.
1:54 of 3rd period - Minor Penalty to Adam McQuaid for Slashing.
1:55 of 3rd period - Jay Beagle wins face-off versus Kris Versteeg in BlackHawks zone.
2:04 of 3rd period - Kevan Miller is hit by Mike Fisher and loses puck.
2:43 of 3rd period - Shot by Clarke MacArthur.
2:43 of 3rd period - Stopped by Jeremy Smith with a rebound.
2:53 of 3rd period - Shot by Brian Gionta.
2:53 of 3rd period - Shot Misses the Net.
2:55 of 3rd period - Shot by Brian Gionta.
2:55 of 3rd period - Stopped by Jeremy Smith without a rebound.
2:56 of 3rd period - Trevor Lewis wins face-off versus Kris Versteeg in BlackHawks zone.
3:06 of 3rd period - Rick Nash is hit by Antoine Roussel and loses puck.
3:16 of 3rd period - Off-side.
3:17 of 3rd period - Trevor Lewis wins face-off versus Jay McClement in neutral zone.
3:30 of 3rd period - Shot by Jay McClement.
3:30 of 3rd period - Stopped by Jeremy Smith without a rebound.
3:31 of 3rd period - Kris Versteeg wins face-off versus Jason Chimera in BlackHawks zone.
3:34 of 3rd period - Shot by Johnny Boychuk.
3:34 of 3rd period - Stopped by Jeremy Smith with a rebound.
3:42 of 3rd period - Shot by Rick Nash.
3:42 of 3rd period - Stopped by Jeremy Smith without a rebound.
3:43 of 3rd period - Trevor Lewis wins face-off versus Brian Gionta in BlackHawks zone.
3:54 of 3rd period - Shot by Brian Gionta.
3:54 of 3rd period - Stopped by Jeremy Smith without a rebound.
3:55 of 3rd period - Jay McClement wins face-off versus Alex Galchenyuk in BlackHawks zone.
4:33 of 3rd period - Adam McQuaid is hit by Cal Clutterbuck and loses puck.
5:08 of 3rd period - Shot by Marian Hossa.
5:08 of 3rd period - Shot Misses the Net.
5:27 of 3rd period - Shot by Kyle Okposo.
5:27 of 3rd period - Stopped by Antti Niemi without a rebound.
5:28 of 3rd period - Andrew Shaw wins face-off versus Nick Cousins in Blues zone.
5:28 of 3rd period - Radim Vrbata is hit by Carl Gunnarsson and loses puck.
5:59 of 3rd period - Icing by John-Michael Liles.
6:00 of 3rd period - Jay Beagle wins face-off versus Nick Cousins in Blues zone.
6:03 of 3rd period - Shot by Antoine Roussel.
6:03 of 3rd period - Shot Misses the Net.
6:05 of 3rd period - Shot by Jay Beagle.
6:05 of 3rd period - Goal by Jay Beagle - BlackHawks : 4 - Blues : 4.
6:06 of 3rd period - Jay Beagle wins face-off versus Mike Fisher in neutral zone.
6:17 of 3rd period - Shot by Marian Hossa.
6:17 of 3rd period - Stopped by Jeremy Smith without a rebound.
6:18 of 3rd period - Jason Chimera wins face-off versus Brian Flynn in BlackHawks zone.
6:20 of 3rd period - Icing by Dion Phaneuf.
6:21 of 3rd period - Mike Fisher wins face-off versus Jack Eichel in BlackHawks zone.
6:36 of 3rd period - Kyle Okposo is hit by Johnny Boychuk.
6:54 of 3rd period - Dion Phaneuf is hit by Mike Fisher and loses puck.
7:27 of 3rd period - Shot by Clarke MacArthur.
7:27 of 3rd period - Stopped by Jeremy Smith without a rebound.
7:28 of 3rd period - Jay Beagle wins face-off versus Brian Gionta in BlackHawks zone.
7:35 of 3rd period - Shot by Trevor Lewis.
7:35 of 3rd period - Stopped by Antti Niemi without a rebound.
7:36 of 3rd period - Radim Vrbata wins face-off versus Jay McClement in Blues zone.
7:46 of 3rd period - Icing by Jay McClement.
7:47 of 3rd period - Jay McClement wins face-off versus David Backes in Blues zone.
8:02 of 3rd period - Shot by Michael Raffl.
8:02 of 3rd period - Shot Misses the Net.
8:22 of 3rd period - Shot by Alex Galchenyuk.
8:22 of 3rd period - Stopped by Antti Niemi without a rebound.
8:23 of 3rd period - Mike Fisher wins face-off versus Andrew Shaw in Blues zone.
8:49 of 3rd period - Andrew Shaw is hit by Niklas Kronwall and loses puck.
9:27 of 3rd period - Icing by Nick Cousins.
9:28 of 3rd period - Jack Eichel wins face-off versus Nick Cousins in Blues zone.
9:35 of 3rd period - Shot by Kyle Okposo.
9:35 of 3rd period - Stopped by Antti Niemi without a rebound.
9:36 of 3rd period - Brian Flynn wins face-off versus Jay Beagle in Blues zone.
9:49 of 3rd period - Off-side.
9:50 of 3rd period - Jack Eichel wins face-off versus Mike Fisher in neutral zone.
10:07 of 3rd period - Shot by Mike Fisher.
10:07 of 3rd period - Shot Misses the Net.
10:13 of 3rd period - Johnny Boychuk is hit by Jack Eichel and loses puck.
10:26 of 3rd period - Shot by Jack Eichel.
10:26 of 3rd period - Shot Misses the Net.
11:10 of 3rd period - Shot by Jay Beagle.
11:10 of 3rd period - Shot Misses the Net.
12:17 of 3rd period - Shot by Brian Flynn.
12:17 of 3rd period - Stopped by Jeremy Smith with a rebound.
13:08 of 3rd period - Artemi Panarin is hit by Jay Bouwmeester and loses puck.
13:18 of 3rd period - Icing by Aaron Ekblad.
13:19 of 3rd period - Alex Galchenyuk wins face-off versus Nick Cousins in BlackHawks zone.
13:34 of 3rd period - Shot by Kris Versteeg.
13:34 of 3rd period - Stopped by Jeremy Smith without a rebound.
13:35 of 3rd period - Jack Eichel wins face-off versus Nick Cousins in BlackHawks zone.
13:42 of 3rd period - Shot by Kyle Okposo.
13:42 of 3rd period - Shot Misses the Net.
14:32 of 3rd period - Shot by Trevor Lewis.
14:32 of 3rd period - Shot Misses the Net.
14:42 of 3rd period - Shot by Jay Beagle.
14:42 of 3rd period - Deflect By Trevor Lewis.
14:42 of 3rd period - Shot Misses the Net.
15:19 of 3rd period - Shot by Radim Vrbata.
15:19 of 3rd period - Stopped by Antti Niemi without a rebound.
15:20 of 3rd period - Alex Galchenyuk wins face-off versus Brian Flynn in Blues zone.
15:47 of 3rd period - Shot by Artemi Panarin.
15:47 of 3rd period - Stopped by Antti Niemi with a rebound.
16:59 of 3rd period - Kyle Okposo is hit by Cal Clutterbuck and loses puck.
17:08 of 3rd period - Shot by Michael Raffl.
17:08 of 3rd period - Shot Misses the Net.
17:10 of 3rd period - Shot by Cal Clutterbuck.
17:10 of 3rd period - Shot Misses the Net.
17:16 of 3rd period - Shot by Cal Clutterbuck.
17:16 of 3rd period - Shot Misses the Net.
17:18 of 3rd period - Shot by Jay McClement.
17:18 of 3rd period - Shot Blocked by Jason Chimera.
17:31 of 3rd period - Brian Gionta is hit by Jason Chimera and loses puck.
17:44 of 3rd period - Shot by Jiri Hudler.
17:44 of 3rd period - Stopped by Jeremy Smith without a rebound.
17:45 of 3rd period - Jay Beagle wins face-off versus Mike Fisher in BlackHawks zone.
17:56 of 3rd period - Off-side.
17:57 of 3rd period - Andrew Shaw wins face-off versus Jay McClement in neutral zone.
18:02 of 3rd period - Shot by Radim Vrbata.
18:02 of 3rd period - Deflect By Andrew Shaw.
18:02 of 3rd period - Shot Blocked by Johnny Boychuk.
Goals for this period are 1 for BlackHawks vs 0 for Blues.
Shots for this period are 8 for BlackHawks vs 11 for Blues.

Overtime #1


0:01 of 1st overtime period - Mike Fisher wins face-off versus Jack Eichel in neutral zone.
1:02 of 1st overtime period - Shot by Radim Vrbata.
1:02 of 1st overtime period - Deflect By Alex Galchenyuk.
1:02 of 1st overtime period - Shot Misses the Net.
1:10 of 1st overtime period - Shot by Alex Galchenyuk.
1:10 of 1st overtime period - Shot Blocked by Johnny Boychuk.
1:12 of 1st overtime period - Shot by Alex Galchenyuk.
1:12 of 1st overtime period - Shot Blocked by Johnny Boychuk.
1:18 of 1st overtime period - Shot by Alex Galchenyuk.
1:18 of 1st overtime period - Shot Misses the Net.
1:20 of 1st overtime period - Shot by Alex Galchenyuk.
1:20 of 1st overtime period - Goal by Alex Galchenyuk - BlackHawks : 5 - Blues : 4.
Goals for this period are 1 for BlackHawks vs 0 for Blues.
Shots for this period are 1 for BlackHawks vs 0 for Blues.